[Event "*** Titled Tuesday Blitz"]
[Site "Chess.com"]
[Date "2020.03.03"]
[Round "6"]
[White "Off-War"]
[Black "vovachesss"]
[Result "1-0"]
[WhiteElo "2737"]
[BlackElo "2564"]
[TimeControl "180+1"]
[EndTime "10:02:00 PST"]
[Termination "Off-War won on time"]

1. c4 e5 2. Nc3 Nf6 3. Nf3 Bb4 4.
Nxe5 O-O 5. e3 d5 6. a3 Bxc3 7. bxc3 Ne4 8. Be2 Qg5 9. Nd3 Qxg2 10. Bf3 Qh3 11. Nf4 Qh4 12. Qe2 Nc6 13. cxd5 Ng5 14. dxc6 bxc6 15. d3 Rb8 16. Bg2 Bg4 17. Qf1 Rb3 18. Bd2 Rfb8 19. Rc1 Rxa3 20. h3 Nf3+ 21.
Bxf3 Bxf3 22. Rg1 Ra2 23. Rg3 Rbb2 24. Rxf3 Rxd2 25. Qg2 Qe7 26. Kf1 Qa3 27. Re1 g6 28. Kg1 Qxc3 29. Rf1 a5 30. Qg5 a4 31. Qd8+ Kg7 32.
Nh5+ gxh5 33. Rg3+ 1-0

[Event "*** Titled Tuesday Blitz"]
[Site "Chess.com"]
[Date "2020.03.03"]
[Round "6"]
[White "csati17"]
[Black "youngKID"]
[Result "1-0"]
[WhiteElo "2591"]
[BlackElo "2802"]
[TimeControl "180+1"]
[EndTime "10:02:02 PST"]
[Termination "csati17 won on time"]

1. c4 d6 2. Nc3 Nf6 3. g3 g6 4. Bg2 Bg7 5. e4 O-O 6. Nge2 c5 7. O-O Nc6 8. d3 a6 9. Rb1 Rb8 10. a3 b5 11. cxb5 axb5 12. b4 Nd7 13. bxc5 dxc5 14.
Rxb5 Ba6 15. Rxb8 Qxb8 16. Qa4 Qa8 17. Nd5 Bb7 18. Qc2 e6 19. Ndc3 Nd4 20. Nxd4 cxd4 21. Nb5 Rc8 22. Qb1 Rc6 23. Qa1 Qa4 24. Bb2 Qxb5 25.
Bxd4 1-0

[Event "*** Titled Tuesday Blitz"]
[Site "Chess.com"]
[Date "2020.03.03"]
[Round "6"]
[White "gena217"]
[Black "rpragchess"]
[Result "1-0"]
[WhiteElo "3010"]
[BlackElo "2779"]
[TimeControl "180+1"]
[EndTime "10:02:06 PST"]
[Termination "gena217 won by checkmate"]

1. e4 e5 2. Nf3 Nc6 3. Bb5 a6 4. Ba4 Nf6 5. O-O b5 6. Bb3 Bc5 7. c3 d6 8. d4 Bb6 9. Be3 O-O 10. h3 Rb8 11. Nbd2 h6 12. Re1 Re8 13. a3 Bb7 14.
Bc2 Nd7 15. Nf1 Ne7 16. Ng3 Ng6 17. Qd2 exd4 18. cxd4 Nf6 19. Bxh6 gxh6 20. Qxh6 Re6 21. d5 Re7 22. Nf5 Qf8 23. Qg5 Nh7 24. Qg4 Kh8 25.
Qh5 Kg8 26. e5 Rxe5 27. Rxe5 dxe5 28. Nxe5 Qc5 29. Nxg6 Qxf2+ 30. Kh1 Qxc2 31. Nge7+ Kh8 32.
Qxf7 Nf8 33. Qg7# 1-0

[Event "*** Titled Tuesday Blitz"]
[Site "Chess.com"]
[Date "2020.03.03"]
[Round "6"]
[White "Misha_Bilous"]
[Black "bangchess21"]
[Result "1-0"]
[WhiteElo "2483"]
[BlackElo "2582"]
[TimeControl "180+1"]
[EndTime "10:02:08 PST"]
[Termination "Misha_Bilous won by resignation"]

1. d4 Nf6 2. c4 e6 3. Nf3 Bb4+ 4. Bd2 a5 5. g3 d6 6. Bg2 Qe7 7. O-O e5 8. Bg5 exd4 9. Nxd4 h6 10. Bf4 O-O 11. a3 Bc5 12. Nc3 Bb6 13. Qd3 Na6 14. Nf5 Bxf5 15. Qxf5 Rab8 16. Nd5 Nxd5 17. cxd5 Nc5 18.
Rfe1 Nb3 19. Rad1 Nc5 20. e4 g6 21. Qh3 h5 22. e5 dxe5 23. Bxe5 Qd7 24. Qh4 Qg4 25.
Qf6 1-0

[Event "*** Titled Tuesday Blitz"]
[Site "Chess.com"]
[Date "2020.03.03"]
[Round "6"]
[White "inegrepus"]
[Black "maestroza"]
[Result "1-0"]
[WhiteElo "2291"]
[BlackElo "2459"]
[TimeControl "180+1"]
[EndTime "10:02:09 PST"]
[Termination "inegrepus won on time"]

1. d4 Nf6 2. c4 e6 3. g3 Bb4+ 4.
Bd2 c5 5. Nf3 Qb6 6. Bg2 cxd4 7.
O-O Bxd2 8. Qxd2 Nc6 9. Na3 O-O 10. Nb5 e5 11. a4 a5 12. e3 dxe3 13. fxe3 Qc5 14.
Kh1 Nb4 15. b3 Ra6 16. Rad1 e4 17. Nh4 d5 18. Qd4 Qxd4 19. exd4 Bg4 20. Rde1 Nd3 21. Re3 Re8 22. cxd5 Nxd5 23. Rxe4 Rxe4 24. Bxe4 N5b4 25. Bxb7 Re6 26. d5 Re2 27. d6 Nc5 28. Bf3 Bxf3+ 29. Nxf3 Nc6 30. Rc1 1-0

[Event "*** Titled Tuesday Blitz"]
[Site "Chess.com"]
[Date "2020.03.03"]
[Round "6"]
[White "Witik"]
[Black "Abdimalik_Abdisalimov"]
[Result "0-1"]
[WhiteElo "2644"]
[BlackElo "2811"]
[TimeControl "180+1"]
[EndTime "10:02:10 PST"]
[Termination "Abdimalik_Abdisalimov won on time"]

1. d4 Nf6 2. Bf4 e6 3. e3 c5 4.
c3 Nc6 5. Nd2 d5 6. Bd3 Bd6 7.
Bxd6 Qxd6 8. f4 O-O 9. Ngf3 b6 10. Ne5 Bb7 11. O-O Ne7 12. Qf3 Qc7 13. g4 Ne8 14. Qh3 g6 15. f5 exf5 16. gxf5 Bc8 17. Ndf3 Nxf5 18. Ng5 f6 19. Bxf5 gxf5 20. Qg2 Kh8 21. Qxd5 fxe5 22. Qxa8 Bb7 23. Qxa7 Nd6 24. dxe5 Qc6 0-1

[Event "*** Titled Tuesday Blitz"]
[Site "Chess.com"]
[Date "2020.03.03"]
[Round "6"]
[White "NTBT_DHS"]
[Black "MITerryble"]
[Result "0-1"]
[WhiteElo "2703"]
[BlackElo "2928"]
[TimeControl "180+1"]
[EndTime "10:02:11 PST"]
[Termination "MITerryble won on time"]

1. e4 e6 2. d4 d5 3. Nc3 Nf6 4. Bg5 Bb4 5. e5 h6 6. Bd2 Bxc3 7. bxc3 Ne4 8. Bd3 Nxd2 9. Qxd2 c5 10. f4 Nc6 11.
Bb5 Qa5 12. a4 Bd7 13. Nf3 Nxe5 14. Nxe5 Bxb5 15. Kf2 Ba6 16. Rhe1 cxd4 17. f5 Qxc3 18. Qf4 O-O 19. f6 Qxc2+ 20. Kg1 Qf5 21. Qxf5 exf5 22. fxg7 Rfe8 23. Rad1 Kxg7 24. Rxd4 Bc4 25. Re3 Rac8 26.
Kf2 Re6 27. Rf4 Kf6 28. Nd7+ Ke7 29. Ne5 f6 30. Ng6+ Kf7 31. Nh4 Rxe3 32. Kxe3 Re8+ 33. Kd4 Re4+ 34. Rxe4 fxe4 35. Nf5 Ke6 36. Nxh6 a5 37. g4 Bb3 0-1

[Event "*** Titled Tuesday Blitz"]
[Site "Chess.com"]
[Date "2020.03.03"]
[Round "6"]
[White "piscatorox"]
[Black "FedaMaster"]
[Result "0-1"]
[WhiteElo "2266"]
[BlackElo "2426"]
[TimeControl "180+1"]
[EndTime "10:02:11 PST"]
[Termination "FedaMaster won by resignation"]

1. e4 c5 2. Nf3 d6 3. d4 cxd4 4. Qxd4 Bd7 5. c4 Bc6 6. Nc3 Nd7 7. Be2 Ngf6 8. h3 g6 9. O-O Bg7 10. Bg5 O-O 11. Qe3 Qb6 12. Qxb6 Nxb6 13. Nd2 Rfc8 14. Rac1 Nbd7 15. b3 a6 16. a4 h6 17. Be3 Ne8 18.
Nd5 Kf8 19. Nb6 Nxb6 20. Bxb6 Nf6 21. f3 Nd7 22. Be3 a5 23. Nb1 Nc5 24. Bxc5 dxc5 25. Nc3 Rd8 26. Nd5 e6 27. Nc7 Rac8 28. Nb5 Rd2 29. Bd1 Rcd8 30. Bc2 Bxb5 31. axb5 Bb2 32. Rcd1 Bd4+ 33. Kh2 Rxc2 34. Rd3 Be5+ 0-1

[Event "*** Titled Tuesday Blitz"]
[Site "Chess.com"]
[Date "2020.03.03"]
[Round "6"]
[White "platy3"]
[Black "pouya21"]
[Result "0-1"]
[WhiteElo "2859"]
[BlackElo "2753"]
[TimeControl "180+1"]
[EndTime "10:02:12 PST"]
[Termination "pouya21 won by resignation"]

1. e4 c5 2. Nf3 d6 3. d4 cxd4 4. Nxd4 Nf6 5. Nc3 a6 6. h3 Nc6 7. Nb3 b5 8. g4 Bb7 9. g5 Nd7 10. Bg2 e6 11. h4 Be7 12. a3 Rc8 13. f4 h6 14. g6 Bxh4+ 15. Kf1 Bf6 16. Qxd6 Bxc3 17.
bxc3 Qe7 18. gxf7+ Kxf7 19. Qd1 Rhf8 20. e5 Kg8 21. Kg1 Ndxe5 22. fxe5 Nxe5 23. Bxb7 Qxb7 24. Nd4 Rxc3 25. Qe1 Rxc2 26. Rh2 Rxh2 27. Kxh2 Qd5 28. Bb2 Rf4 29. Rc1 Nd3 30. Qg3 Qe4 31. Nxe6 Rh4+ 0-1

[Event "*** Titled Tuesday Blitz"]
[Site "Chess.com"]
[Date "2020.03.03"]
[Round "6"]
[White "Keaton87"]
[Black "boasovietica"]
[Result "1-0"]
[WhiteElo "2660"]
[BlackElo "2510"]
[TimeControl "180+1"]
[EndTime "10:02:14 PST"]
[Termination "Keaton87 won by resignation"]

1. d4 Nf6 2. Bg5 e6 3. Nd2 d5 4. e3 Be7 5. Bd3 b6 6. c3 Bb7 7. f4 Ne4 8. Bxe7 Qxe7 9. Qc2 f5 10. Bxe4 fxe4 11. Ne2 O-O 12. c4 c6 13. O-O Nd7 14.
Ng3 Rac8 15. Qa4 a6 16. Rf2 b5 17. cxb5 cxb5 18. Qb3 Rc7 19. Raf1 g6 20. Qd1 Rfc8 21. Qg4 Nf6 22. Qg5 Ne8 23. Qg4 Nf6 24. Qg5 Ne8 25. Qe5 Nd6 26. Qg5 Qg7 27. Nb3 Bc6 28. Nc5 Re7 29.
Nxa6 Ra8 30. Nb4 Be8 31. Qe5 Nc4 32. Qxg7+ Kxg7 33. Re1 Rc7 34. Rc2 Rac8 35. Rec1 Ra7 36. b3 1-0

[Event "*** Titled Tuesday Blitz"]
[Site "Chess.com"]
[Date "2020.03.03"]
[Round "6"]
[White "SanchezKelvin"]
[Black "ChristianAlm"]
[Result "1-0"]
[WhiteElo "2336"]
[BlackElo "2341"]
[TimeControl "180+1"]
[EndTime "10:02:15 PST"]
[Termination "SanchezKelvin won by resignation"]

1. d4 d5 2. c4 c6 3. Nf3 Nf6 4. Nc3 e6 5. Bg5 Nbd7 6. e3 Bd6 7. Qc2 O-O 8. O-O-O Qa5 9. h4 b5 10. c5 Be7 11. Kb1 Rb8 12. g4 b4 13. Ne2 b3 14.
axb3 Ba6 15. Nc1 Rb7 16. Qc3 Qxc3 17. bxc3 Bxf1 18. Rdxf1 Rfb8 19. Kc2 a5 20. Bxf6 Nxf6 21. Ne5 Rc8 22. f3 Ne8 23. g5 f6 24. gxf6 gxf6 25.
Ned3 Ra8 26. Rfg1+ Kf8 27. Rg2 a4 28. b4 a3 29. Na2 Nc7 30. Rhg1 Ke8 31. Rg8+ Kd7 32. Rxa8 Nxa8 33. Rg7 Nc7 34. Rxh7 Rb8 35. h5 Rg8 36. h6 Rg2+ 37. Kb3 Rd2 38. Ndc1 Nb5 39. Rg7 Rb2+ 40. Ka4 Rh2 41. h7 Ke8 42. Rg8+ Kd7 43. h8=Q 1-0

[Event "*** Titled Tuesday Blitz"]
[Site "Chess.com"]
[Date "2020.03.03"]
[Round "6"]
[White "GMSrinath"]
[Black "Grandelicious"]
[Result "0-1"]
[WhiteElo "2862"]
[BlackElo "2723"]
[TimeControl "180+1"]
[EndTime "10:02:18 PST"]
[Termination "Grandelicious won by resignation"]

1. e4 c5 2. Nf3 d6 3. Bb5+ Nd7 4. d4 cxd4 5. Qxd4 a6 6. Be2 Ngf6 7. Nc3 b6 8. O-O Bb7 9. Rd1 e6 10. b3 Qc7 11. Bb2 Be7 12. Qe3 O-O 13. Nd4 Rfe8 14. f3 Bf8 15. Rd2 b5 16. a4 b4 17. Na2 d5 18. c3 e5 19. cxb4 exd4 20. Bxd4 dxe4 21. Rc1 Qb8 22. Qg5 h6 23. Qh4 Bd6 24. Rcd1 Bf4 25.
Rc2 exf3 26. Bxf3 Bxf3 27. gxf3 Be3+ 28. Bxe3 Rxe3 29. Rcd2 Qb7 30. Qf2 Rae8 31. Nc1 Rxf3 32. Qg2 Ne5 33. Kh1 Qxb4 34. Re2 Qf4 35. Nd3 Nxd3 0-1

[Event "*** Titled Tuesday Blitz"]
[Site "Chess.com"]
[Date "2020.03.03"]
[Round "6"]
[White "Sjakkerntobi"]
[Black "Turkey-Champion"]
[Result "0-1"]
[WhiteElo "2267"]
[BlackElo "2476"]
[TimeControl "180+1"]
[EndTime "10:02:19 PST"]
[Termination "Turkey-Champion won by resignation"]

1. e4 c5 2. Nf3 e6 3. d4 cxd4 4. Nxd4 Nf6 5. Nc3 Nc6 6. Ndb5 Bb4 7. Nd6+ Ke7 8. Nxc8+ Rxc8 9. Bd3 d5 10. exd5 Nxd5 11.
O-O Nxc3 12. bxc3 Bxc3 13. Rb1 b6 14. Ba3+ Kd7 15. Ba6+ Kc7 16. Bxc8 Qxd1 17. Rfxd1 Rxc8 18. Rd3 Be5 19. Rbd1 Rd8 20. Rxd8 Nxd8 21. g3 Nc6 22. f4 Bc3 23. Kf2 b5 24. Bd6+ Kb6 25. Bf8 Kc7 26.
Bc5 a5 27. Kf3 a4 28. Ke4 b4 29. Bd6+ Kb6 30. Be5 f5+ 31. Kd3 Bxe5 32. fxe5 Nxe5+ 33. Kd4 Nf3+ 34. Kc4 e5 35. Kxb4 e4 36. Rd7 Kc6 37. Rxg7 Kd6 38. Rg8 Ke7 39. Rg7+ Kf6 40. Rg8 Kf7 41.
Rh8 e3 42. Rxh7+ Kf6 43. Rh6+ Kf7 44. Rh7+ Ke8 45. Rh8+ Ke7 46. Rh7+ Kd6 47. Rh8 e2 48. Re8 Ne5 49. Rd8+ Ke7 0-1

[Event "*** Titled Tuesday Blitz"]
[Site "Chess.com"]
[Date "2020.03.03"]
[Round "6"]
[White "mortngabriel"]
[Black "HrvojeZagreb"]
[Result "1-0"]
[WhiteElo "2399"]
[BlackElo "2208"]
[TimeControl "180+1"]
[EndTime "10:02:21 PST"]
[Termination "mortngabriel won by checkmate"]

1. e3 e6 2. d4 f5 3. Nf3 Nf6 4.
Bd3 b6 5. O-O Bb7 6. c4 Be7 7.
Nc3 O-O 8. Re1 Ne4 9. Bxe4 fxe4 10. Nd2 d5 11. f3 exf3 12. Nxf3 Nd7 13. e4 dxc4 14. Qa4 Rf6 15. Bg5 Rg6 16. Bxe7 Qxe7 17. Qxc4 c5 18. d5 Rf8 19. Kh1 Nf6 20. Rad1 Ng4 21. Rd2 Rxf3 22. gxf3 Qh4 23. Qe2 Nxh2 24. Qf2 Nxf3+ 25. Qxh4 Nxh4 26. d6 Bc6 27. d7 Bxd7 28. Rxd7 Nf3 29. Rf1 Ne5 30. Rd8# 1-0

[Event "*** Titled Tuesday Blitz"]
[Site "Chess.com"]
[Date "2020.03.03"]
[Round "6"]
[White "dusanacns"]
[Black "Zq1"]
[Result "0-1"]
[WhiteElo "2643"]
[BlackElo "2557"]
[TimeControl "180+1"]
[EndTime "10:02:25 PST"]
[Termination "Zq1 won on time"]

1. e4 c5 2. Nf3 d6 3. d4 cxd4 4.
Nxd4 Nf6 5. Nc3 Nc6 6. Bg5 e6 7. Bb5 Bd7 8. Qd3 Be7 9. O-O-O a6 10. Bxc6 bxc6 11. e5 dxe5 12. Nf3 Nd5 13. Bxe7 Qxe7 14. Nxd5 cxd5 15. Nxe5 Bb5 16. Qg3 O-O 17. Rhe1 Rac8 18.
Kb1 a5 19. f4 Qf6 20. Qb3 Bc4 21. Qe3 Rc7 22. g4 Rb8 23. Rd4 a4 24. b3 axb3 25. axb3 Rcb7 26. Nxc4 dxc4 27. Rxc4 Ra8 28. Qd4 Qe7 29.
Qc3 Rbb8 30. Rd1 h6 31. Rc7 Qh4 32. Qg3 Qf6 33. Qc3 Qxf4 34. Qd4 Qxh2 35. Rf1 Qxc7 0-1

[Event "*** Titled Tuesday Blitz"]
[Site "Chess.com"]
[Date "2020.03.03"]
[Round "6"]
[White "GelmanAlexander"]
[Black "Monmoransy"]
[Result "0-1"]
[WhiteElo "2460"]
[BlackElo "2594"]
[TimeControl "180+1"]
[EndTime "10:02:26 PST"]
[Termination "Monmoransy won on time"]

1. e4 c5 2. b4 b6 3. a3 e6 4. Nf3 Bb7 5. bxc5 bxc5 6. Nc3 Nc6 7. Rb1 Rb8 8. Bc4 Nge7 9. O-O Ng6 10. d4 cxd4 11. Nxd4 Bc5 12. Ndb5 O-O 13. Qh5 d6 14. Rd1 Qe7 15. Na4 Rfd8 16. Nxc5 dxc5 17. Bg5 f6 18. Be3 a6 19. Bxc5 Rxd1+ 20. Rxd1 Nf4 21.
Bxe7 Nxh5 22. Bxe6+ Kh8 23. Bd6 Rd8 24. Nc7 Nf4 25.
Bg4 h5 26. Bxf4 Nd4 27. Bxh5 g6 28. Bg4 f5 0-1

[Event "*** Titled Tuesday Blitz"]
[Site "Chess.com"]
[Date "2020.03.03"]
[Round "6"]
[White "PotapovaM"]
[Black "Philosopherrr"]
[Result "1-0"]
[WhiteElo "2565"]
[BlackElo "2398"]
[TimeControl "180+1"]
[EndTime "10:02:30 PST"]
[Termination "PotapovaM won by resignation"]

1. d4 Nf6 2. c4 e6 3. Nf3 c5 4. d5 exd5 5. cxd5 d6 6. Nc3 g6 7. Bf4 a6 8. a4 Bg7 9. h3 O-O 10. e3 Re8 11. Be2 Ne4 12. Nxe4 Rxe4 13. O-O Rb4 14. Nd2 Bxb2 15. Nc4 Rxc4 16. Bxc4 Bxa1 17. Qxa1 Nd7 18. Bxd6 Nb6 19. Bxc5 Nxc4 20. Qd4 Nd6 21. Ba3 Bf5 22. f3 Rc8 23. e4 Bxh3 24. Bb2 f6 25. gxh3 Rc4 26. Qxf6 Qxf6 27. Bxf6 Rxa4 28.
e5 Nf5 29. Rd1 Rd4 30. Rxd4 Nxd4 31. e6 Nf5 32. Be5 Kf8 33. d6 Ne7 34. d7 Nc6 35.
Bd6+ Kg7 36. e7 Nxe7 37. Bxe7 Kf7 38. d8=Q 1-0

[Event "*** Titled Tuesday Blitz"]
[Site "Chess.com"]
[Date "2020.03.03"]
[Round "6"]
[White "Andrei_Belozerov"]
[Black "letsgoband"]
[Result "1-0"]
[WhiteElo "2648"]
[BlackElo "2487"]
[TimeControl "180+1"]
[EndTime "10:02:32 PST"]
[Termination "Andrei_Belozerov won by resignation"]

1. e4 e5 2. Nf3 Nc6 3. Bb5 Nf6 4. O-O Nxe4 5. d4 Nd6 6. Bg5 Be7 7. Bxe7 Nxe7 8.
dxe5 Nxb5 9. a4 a5 10. axb5 b6 11.
Nc3 Bb7 12. Qd3 O-O 13. Rad1 Ng6 14. Qxd7 Bxf3 15. gxf3 Qg5+ 16. Kh1 Nxe5 17. Qxc7 Qh5 18. Rg1 Rac8 19. Qb7 Rc4 20. Rg2 Nxf3 21. Nd5 Kh8 22. Qe7 Rg8 23. Nf6 gxf6 24. Qxf6+ 1-0

[Event "*** Titled Tuesday Blitz"]
[Site "Chess.com"]
[Date "2020.03.03"]
[Round "6"]
[White "Mikedannnn"]
[Black "sganerdene"]
[Result "0-1"]
[WhiteElo "2528"]
[BlackElo "2687"]
[TimeControl "180+1"]
[EndTime "10:02:32 PST"]
[Termination "sganerdene won by resignation"]

1. e4 c5 2. Nf3 e6 3. c4 Nc6 4. Nc3 Nf6 5. Be2 d6 6. d4 cxd4 7. Nxd4 Be7 8. O-O O-O 9. Be3 a6 10.
a4 Bd7 11. Rc1 Nxd4 12. Qxd4 Bc6 13. b4 Rc8 14. f3 a5 15. b5 Be8 16. Qb6 Nd7 17.
Qxd8 Bxd8 18. Rfd1 Be7 19. Nb1 Nc5 20. Bxc5 Rxc5 21. Nd2 b6 22. Nb3 Rc7 23. c5 dxc5 24. Bc4 Bd7 25. Rd3 Bc8 26. Rcd1 g6 27. Kf2 Kg7 28.
Ke3 Bb7 29. Rd7 Rfc8 30. g3 Bf6 31. Ke2 Be5 32. R1d3 g5 33. Bxe6 c4 34. Bxc4 Bxe4 35. fxe4 Rxc4 36. Nd2 Rxa4 37. Rb7 Bd4 38. e5 g4 39. e6 Re8 40. Rxf7+ Kg6 41. Rf4 Rxe6+ 42. Kf1 Ra1+ 0-1

[Event "*** Titled Tuesday Blitz"]
[Site "Chess.com"]
[Date "2020.03.03"]
[Round "6"]
[White "GulamaliRises"]
[Black "TBergh98"]
[Result "0-1"]
[WhiteElo "2520"]
[BlackElo "2332"]
[TimeControl "180+1"]
[EndTime "10:02:39 PST"]
[Termination "TBergh98 won by resignation"]

1. e4 Nf6 2. e5 Nd5 3. d4 d6 4. Nf3 dxe5 5. Nxe5 c6 6. Be2 Bf5 7. O-O Nd7 8. Nf3 e6 9. a3 Be7 10. c4 N5f6 11. Nc3 O-O 12. Bf4 h6 13. Re1 Nh7 14. d5 exd5 15. cxd5 Bf6 16. dxc6 bxc6 17. Nd4 Bg6 18.
Nxc6 Qc8 19. Bf3 Nc5 20. Nd5 Kh8 21. Nxf6 Nxf6 22. Ne7 Qa6 23. Bxa8 Rxa8 24. Nxg6+ fxg6 25. Qd6 Qb5 26. Rad1 Nce4 27. Qe5 Qb3 28. f3 Re8 29. Qd4 Ng5 30. Rxe8+ Nxe8 31. Bxg5 hxg5 32. Qxa7 Qxd1+ 33. Kf2 Qd2+ 34. Kf1 Qxb2 35. Qa8 Qc1+ 36. Kf2 Qd2+ 37. Kf1 Qd3+ 38. Kf2 Qd7 39. a4 Kh7 40. a5 Nc7 41. Qb7 Qd4+ 42. Kf1 Nd5 43. a6 Ne3+ 44. Ke2 Nc4 45.
Qe4 Qd2+ 0-1

[Event "*** Titled Tuesday Blitz"]
[Site "Chess.com"]
[Date "2020.03.03"]
[Round "6"]
[White "MikaelyanArman"]
[Black "guillembaches"]
[Result "1-0"]
[WhiteElo "2642"]
[BlackElo "2399"]
[TimeControl "180+1"]
[EndTime "10:02:42 PST"]
[Termination "MikaelyanArman won on time"]

1. e4 c5 2. Nc3 a6 3. Nge2 d6 4.
g3 b5 5. d4 cxd4 6. Nxd4 Bb7 7. Bg2 e6 8. O-O Nd7 9. Re1 Ngf6 10. a4 bxa4 11. Rxa4 Qc7 12. Nd5 exd5 13. exd5+ Ne5 14.
f4 Be7 15. fxe5 dxe5 16. Nf5 Bc5+ 17. Kh1 O-O 18. Bg5 Nd7 19. Rg4 g6 20. Be7 Rfe8 21. Bxc5 Nxc5 22. Qf3 Rad8 23. c4 Ne6 24. Nh6+ Kg7 25.
Qxf7+ Kxh6 26. Rh4+ Kg5 27. Qf2 Nd4 28. Rf1 1-0

[Event "*** Titled Tuesday Blitz"]
[Site "Chess.com"]
[Date "2020.03.03"]
[Round "6"]
[White "vaishali2001"]
[Black "GukeshDommaraju"]
[Result "0-1"]
[WhiteElo "2472"]
[BlackElo "2649"]
[TimeControl "180+1"]
[EndTime "10:02:43 PST"]
[Termination "GukeshDommaraju won by resignation"]

1. e4 c5 2. Nc3 Nc6 3. Bb5 Nd4 4.
Nf3 a6 5. Bd3 Nc6 6. b3 g6 7. Bb2 Bg7 8. O-O d6 9. a4 e6 10. Qc1 Nge7 11. Ne2 e5 12. Bc4 Bg4 13. Ng5 O-O 14. f4 d5 15. exd5 Nxd5 16. Ng3 Nxf4 17.
N5e4 Na5 18. h3 Nxc4 19. bxc4 Ne2+ 20. Nxe2 Bxe2 21. Rf2 Bxc4 22. d3 Bd5 23. Nxc5 Rc8 24. Ne4 f5 25. Nc3 Bc6 26. Qe3 Rf7 27. Re1 Qa5 28. g4 f4 29. Qd2 e4 30. Nxe4 Qxd2 31.
Rxd2 Bxb2 32. Nd6 Bd4+ 33. Kf1 Rd8 34. Nxf7 Kxf7 35. Rde2 Re8 36. Rxe8 Bxe8 37. Rb1 Bc6 38. Ke2 f3+ 39. Kd2 f2 40. c3 Bg2 41. cxd4 f1=Q 42. Rxf1+ Bxf1 43. Kc3 Ke6 44. Kc4 Kd6 45. h4 Be2 46. g5 Bf1 47. a5 Be2 48. d5 Bxd3+ 49. Kd4 Bf5 0-1

[Event "*** Titled Tuesday Blitz"]
[Site "Chess.com"]
[Date "2020.03.03"]
[Round "6"]
[White "Oligan22"]
[Black "ethylalcohol"]
[Result "1-0"]
[WhiteElo "2395"]
[BlackElo "2138"]
[TimeControl "180+1"]
[EndTime "10:02:47 PST"]
[Termination "Oligan22 won on time"]

1. e4 e6 2. d4 d5 3. Nc3 Nf6 4. e5 Nfd7 5. f4 c5 6. Nf3 Nc6 7. Be3 cxd4 8. Nxd4 Qb6 9. a3 Bc5 10. Na4 Qa5+ 11. c3 Bxd4 12. Bxd4 Nxd4 13. Qxd4 b6 14.
Qb4 Qxb4 15. axb4 Ke7 16. Bb5 f6 17. exf6+ gxf6 18. O-O-O Bb7 19. Rhe1 Rac8 20. Kc2 Bc6 21. Bxc6 Rxc6 22. Rxd5 Rhc8 23. g3 Nf8 24. b5 R6c7 25. b3 Kf7 26. Rd4 Nd7 27. c4 a6 28. Rxd7+ Rxd7 29. Nxb6 axb5 30. Nxc8 bxc4 31. bxc4 Rc7 32. Nb6 Rc6 33.
Rb1 e5 34. fxe5 fxe5 35. Kc3 Ke6 36. Nd5 e4 37. Kd4 Rc8 38. Re1 Kd6 39. Rxe4 Rf8 40. Rf4 Ra8 41. Rf6+ Kd7 42. c5 Ra2 43. Rd6+ Kc8 44. c6 Rxh2 45. c7 1-0

[Event "*** Titled Tuesday Blitz"]
[Site "Chess.com"]
[Date "2020.03.03"]
[Round "6"]
[White "AtabayevSaparmyrat"]
[Black "iturrizaga"]
[Result "1-0"]
[WhiteElo "2791"]
[BlackElo "2955"]
[TimeControl "180+1"]
[EndTime "10:02:48 PST"]
[Termination "AtabayevSaparmyrat won on time"]

1. e4 c5 2. Nf3 e6 3. d4 cxd4 4. Nxd4 a6 5. Nc3 Qc7 6. Be3 Nf6 7. Bd3 g6 8. f4 d6 9. Qf3 Bg7 10. g4 e5 11. g5 Ng4 12. Nd5 Qd8 13. Nf5 gxf5 14. Bb6 Qd7 15. Nc7+ Kf8 16. exf5 e4 17. Bxe4 d5 18. Bc5+ Kg8 19. Nxd5 Qb5 20. Ne7+ Kf8 21.
Bd6 Bxb2 22. Nxc8+ Ke8 23. Rd1 Nc6 24. Qxg4 Rxc8 25.
f6 Ne7 26. Bxe7 1-0

[Event "*** Titled Tuesday Blitz"]
[Site "Chess.com"]
[Date "2020.03.03"]
[Round "6"]
[White "politeplayer"]
[Black "ural58"]
[Result "1-0"]
[WhiteElo "2281"]
[BlackElo "2402"]
[TimeControl "180+1"]
[EndTime "10:02:48 PST"]
[Termination "politeplayer won on time"]

1. e4 d5 2. d4 dxe4 3. Nc3 e5 4.
Nxe4 exd4 5. Bc4 Nf6 6. Ng5 Bb4+ 7. c3 Qe7+ 8. Kf1 dxc3 9. Bxf7+ Kf8 10. bxc3 h6 11.
cxb4 hxg5 12. Bg6 g4 13. Be3 b6 14. Ne2 Nbd7 15. Nf4 Ne5 16. Qb3 g3 17. Re1 Rxh2 18. Rg1 Bd7 19. Bc5 bxc5 20. Rxe5 Bb5+ 21. Ne2 Qd7 22. bxc5 Rd8 23. fxg3 Qd1+ 24. Kf2 Qd7 25. Nd4 Bc6 26. Ne6+ Qxe6 27. Qxe6 1-0

[Event "*** Titled Tuesday Blitz"]
[Site "Chess.com"]
[Date "2020.03.03"]
[Round "6"]
[White "davserr65"]
[Black "Grieve72"]
[Result "0-1"]
[WhiteElo "2049"]
[BlackElo "2408"]
[TimeControl "180+1"]
[EndTime "10:02:48 PST"]
[Termination "Grieve72 won on time"]

1. Nf3 f5 2. e4 fxe4 3. Ng5 Nf6 4. d3 exd3 5. Bxd3 e6 6. Nxh7 Qe7 7. Bg6+ Kd8 8. Ng5 c5 9. Nf7+ Kc7 10. Nxh8 Nd5 11. c4 Nb4 12. a3 N4c6 13. Nc3 a6 14. Bf4+ Kb6 15. Qb3+ Ka7 16. Bc7 b5 17. cxb5 Nd4 18.
b6+ Kb7 19. Qd1 Nbc6 20. Nf7 Qf6 21. Qd3 c4 22. Qe4 d5 23. Nxd5 exd5 24. Qxd5 Be6 25. Qh5 Bxf7 26. Bxf7 Nc2+ 27. Kd2 Nxa1 28. Rxa1 Qxb2+ 29. Ke3 Qxa1 30. Qd5 Qxa3+ 31. Kf4 Qc5 0-1

[Event "*** Titled Tuesday Blitz"]
[Site "Chess.com"]
[Date "2020.03.03"]
[Round "6"]
[White "doons21"]
[Black "floplover"]
[Result "1-0"]
[WhiteElo "2596"]
[BlackElo "2323"]
[TimeControl "180+1"]
[EndTime "10:02:50 PST"]
[Termination "doons21 won on time"]

1. e4 c6 2. d4 d5 3. f3 e6 4. Nc3 Qb6 5. a3 e5 6. dxe5 Bc5 7. Na4 Qa5+ 8. c3 Bxg1 9. Rxg1 dxe4 10. Bf4 Ne7 11. b4 Qd5 12. c4 Qe6 13. Nc5 Qf5 14.
Bg3 exf3 15. gxf3 Ng6 16. Ne4 O-O 17. Nd6 Qe6 18. f4 Qe7 19. Qd4 f6 20. O-O-O fxe5 21. fxe5 a5 22. b5 cxb5 23. cxb5 Be6 24. Bc4 Nd7 25.
Bxe6+ Qxe6 26. Qd5 Qxd5 27. Rxd5 Rf3 28. Kb2 Rd8 29.
Nxb7 Ngxe5 30. Nxd8 Nc4+ 31. Kb1 Nxa3+ 32. Ka2 Nb6 33. Re1 h5 34. Rxh5 g6 35. Re8+ Kg7 36. Be5+ 1-0

[Event "*** Titled Tuesday Blitz"]
[Site "Chess.com"]
[Date "2020.03.03"]
[Round "6"]
[White "ZenBull"]
[Black "ArlanCabe"]
[Result "1-0"]
[WhiteElo "2176"]
[BlackElo "2339"]
[TimeControl "180+1"]
[EndTime "10:02:53 PST"]
[Termination "ZenBull won on time"]

1. Nf3 c5 2. c4 Nc6 3. Nc3 g6 4.
d4 cxd4 5. Nxd4 Bg7 6. Nc2 d6 7. e4 Be6 8. Be2 Bxc3+ 9. bxc3 Na5 10. Ne3 Nf6 11. Qa4+ Bd7 12. Qc2 O-O 13. Ba3 Rc8 14. Rd1 b6 15. O-O Qc7 16. e5 dxe5 17. Bxe7 Ba4 18.
Qxa4 Qxe7 19. Rd2 Ne4 20. Rc2 Qg5 21. Bf3 Nc5 22. Qa3 e4 23. Be2 f5 24. Nd5 f4 25. Qc1 Kg7 26. Re1 Qh4 27. Bf1 Rce8 28. Qd1 Nc6 29. h3 Ne5 30. Qd4 Kh6 31. Rb2 Qg5 32.
Kh1 f3 33. g4 1-0

[Event "*** Titled Tuesday Blitz"]
[Site "Chess.com"]
[Date "2020.03.03"]
[Round "6"]
[White "MathiasWomacka"]
[Black "AndreyNeves"]
[Result "0-1"]
[WhiteElo "2376"]
[BlackElo "2195"]
[TimeControl "180+1"]
[EndTime "10:02:58 PST"]
[Termination "AndreyNeves won on time"]

1. e4 c5 2. Nf3 Nc6 3. d4 cxd4 4. Nxd4 Nf6 5. Nc3 e5 6. Ndb5 d6 7. Bg5 a6 8. Na3 b5 9. Nd5 Be7 10. Bxf6 Bxf6 11. c3 Bg5 12. Nc2 Ne7 13. h4 Bh6 14. Ncb4 Be6 15. a4 Nxd5 16. Nxd5 Bxd5 17. Qxd5 O-O 18. Be2 Rc8 19. axb5 Rc5 20. Qb3 axb5 21. h5 d5 22. exd5 Rxd5 23. O-O Rd2 24. Bxb5 Qh4 25.
g3 Qxh5 26. Ra7 Be3 27. Rd7 Rxd7 28. Bxd7 Bg5 29. Bc6 Bf6 30. Bd5 Qg6 31. Ra1 h5 0-1